 Dungeon Crawl Stone Soup version 0.24.0-37-gcf1ca852f1 (webtiles) character file.

Game seed: 13279738003482234430, levelgen mode: deterministic

307 Delamore the Cleaver (level 6, -1/51 HPs)
             Began as a Hill Orc Fighter on Nov 28, 2019.
             Slain by a quasit (2 damage)
             ... on level 5 of the Dungeon.
             The game lasted 00:03:20 (2622 turns).

Delamore the Cleaver (Hill Orc Fighter)             Turns: 2622, Time: 00:03:21

Health: -1/51      AC:  6    Str: 26 (28) XL:     6   Next: 40%
Magic:  6/6        EV:  2    Int:  5 (8)  God:
Gold:   239        SH:  0    Dex: -8 (13) Spells: 5/5 levels left

rFire    . . .     SeeInvis .   a - +0 war axe
rCold    . . .     Gourm    .   c - +0 shield
rNeg     . . .     Faith    .   b - +0 scale mail
rPois    .         Spirit   .   (no helmet)
rElec    .         Reflect  .   (no cloak)
rCorr    .         Harm     .   (no gloves)
MR       .....                  (no boots)
Stlth    ..........             (no amulet)
HPRegen  0.17/turn              g - ring of flight
MPRegen  0.10/turn              (no ring)

@: mighty, agile, flying, hasted and slowed, lost dexterity
A: fangs 1, clumsy 1, strong 1
a: no special abilities


You were on level 5 of the Dungeon.
You were hungry.

You visited 1 branch of the dungeon, and saw 4 of its levels.

You collected 239 gold pieces.

Inventory:

Hand Weapons
 a - a +0 war axe (weapon)
Armour
 b - a +0 scale mail (worn)
 c - a +0 shield (worn)
Jewellery
 g - a ring of flight (left hand)
Scrolls
 e - a scroll of immolation {unknown}
 i - 4 scrolls of remove curse {unknown}
 l - 5 scrolls of teleportation {unknown}
 q - 2 scrolls of identify {unknown}
 r - 2 scrolls of magic mapping {unknown}
 s - 2 scrolls of enchant weapon {unknown}
 t - a scroll of fog {unknown}
Potions
 k - a potion of mutation
 m - a potion of curing
 o - a potion of haste
Comestibles
 f - 4 rations


   Skills:
 - Level 3.6 Fighting
 + Level 8.7 Axes
 - Level 3.2 Armour
 - Level 3.2 Shields


You had 5 spell levels left.
You didn't know any spells.
Your spell library contained the following spells:

 Spells                   Type           Power        Failure   Level  Hunger
 Summon Small Mammal      Summ           #...         99%         1    ##.....
 Call Imp                 Summ           #.......     100%        2    ###....
 Call Canine Familiar     Summ           #.......     100%        3    ####...
 Summon Guardian Golem    Hex/Summ       #.......     100%        3    ####...
 Summon Ice Beast         Ice/Summ       #.......     100%        4    #####..
 Summon Lightning Spire   Summ/Air       #.......     100%        4    #####..


Dungeon Overview and Level Annotations

Branches:
Dungeon (3/15)

Altars:
Qazlal
Xom


Innate Abilities, Weirdness & Mutations

You have very sharp teeth.
You are clumsy. (Dex -2)
Your muscles are strong. (Str +2)


Message History

The quasit bites you but does no damage.
The quasit claws you.
* * * LOW HITPOINT WARNING * * *
You feel clumsy. The quasit claws you.
* * * LOW HITPOINT WARNING * * *
You miss the quasit.
The quasit is heavily wounded.
The quasit completely misses you. The quasit claws you.
* * * LOW HITPOINT WARNING * * *
The quasit claws you but does no damage.
Unknown command.
You barely miss the quasit.
The quasit is heavily wounded.
The quasit bites you but does no damage.
The quasit claws you but does no damage.
The quasit claws you.
* * * LOW HITPOINT WARNING * * *
The quasit barely misses you. The quasit claws you.
You die...

#........###.#
###########.#
.#.#.........?#
#...........# .#.#####.#
#[########### .........#
#.# ##.####### #.# ...# #.#
##.######### #.#
...........########.####..
.....#####.#...5@........(.
.............######.####...
....(#####.### #.# .....#
#.########.# ######
#..........# ############


You could see a quasit.

Vanquished Creatures
  An ogre (D:2)
  A centaur (D:2)
  A bullfrog skeleton (D:5)
  3 adders
  An ooze (D:3)
  A worm (D:2)
  4 dart slugs (D:1)
  2 leopard geckos (D:2)
  5 orcs
  5 ball pythons
  10 bats
  A giant cockroach (D:1)
  8 goblins
  4 hobgoblins
  9 kobolds
  A quokka (D:2)
  4 frilled lizards
  A jackal zombie (D:5)
  A quokka skeleton (D:3)
  7 rats
70 creatures vanquished.

Notes
Turn   | Place    | Note
-------+----------+-------------------------------------------
     0 | D:1      | Delamore the Hill Orc Fighter began the quest for the Orb.
     0 | D:1      | Reached XP level 1. HP: 19/19 MP: 1/1
    10 | D:1      | Reached skill level 3 in Axes
    71 | D:1      | Reached XP level 2. HP: 26/26 MP: 2/2
   118 | D:1      | Reached skill level 4 in Axes
   295 | D:1      | Reached XP level 3. HP: 30/31 MP: 3/3
   738 | D:1      | Reached skill level 5 in Axes
  1021 | D:2      | Noticed a centaur
  1026 | D:2      | Killed a centaur
  1026 | D:2      | Reached skill level 6 in Axes
  1026 | D:2      | Reached XP level 4. HP: 18/39 MP: 4/4
  1026 | D:2      | Reached XP level 5. HP: 21/45 MP: 5/5
  1613 | D:2      | Noticed an ogre
  1618 | D:2      | Killed an ogre
  1618 | D:2      | Reached skill level 7 in Axes
  1778 | D:2      | Reached skill level 8 in Axes
  1779 | D:2      | Reached XP level 6. HP: 50/51 MP: 6/6
  2398 | D:3      | You fall into a shaft and drop 2 floors!
  2398 | D:5      | Entered Level 5 of the Dungeon
  2416 | D:5      | Found a shimmering altar of Xom.
  2454 | D:5      | Found a stormy altar of Qazlal.
  2586 | D:5      | Lost dexterity.
  2611 | D:5      | Gained mutation: You have very sharp teeth. [potion of
                  | mutation]
  2611 | D:5      | Gained mutation: You are clumsy. (Dex -2) [potion of
                  | mutation]
  2611 | D:5      | Gained mutation: Your muscles are strong. (Str +2) [potion
                  | of mutation]
  2621 | D:5      | HP: 2/51 [quasit (2)]
  2622 | D:5      | Slain by a quasit

Levels and vault maps discovered:
D:1:      dpeg_arrival_court, layout_basic
D:2:      layout_basic, first_ration, minmay_three_crescents
D:3:      minmay_inner_zag, layout_rooms
D:5:      layout_loops_ring, lemuel_crystal_altar, tgw_trog, lemuel_round_altar,
          grunt_ministairs_10

Skill      XL: |  1  2  3  4  5 |
---------------+----------------+-----
Axes           | 3 4 6 8 |  8.7
Fighting       | |  3.6
Armour         | |  3.2
Shields        | |  3.2

Action                   |  1- 3 |  4- 6 || total
-------------------------+-------+-------++-------
Melee: War axe           |    84 |   177 ||   261
  Use: Potion            |       |     7 ||     7
  Eat: Chunk             |       |     5 ||     5
Armor: Scale mail        |    34 |   198 ||   232
Dodge: Dodged            |    27 |    81 ||   108
Block: Shield            |    50 |   106 ||   156
